| TOP OF THE 1ST |
|
Baltimore Orioles batting - Pitching for New York Mets : RHP José Agodo
|
|
Pitching: RHP José Agodo
|
|
|
Batting: RHB Carlos Correa
|
0-0: Ball 1-0: Ball 2-0: Foul Ball, location: 25FF 2-1: Swinging Strike 2-2: Strikes out swinging
|
|
Batting: SHB Greg Henderson
|
0-0: Swinging Strike 0-1: Fly out, F7 (Flyball, 7LD, EV 97 MPH)
|
|
Batting: LHB Jon Wilson
|
0-0: Ball 1-0: Called Strike 1-1: Fly out, F9 (Flyball, 9D, EV 106 MPH)
|
| Top of the 1st over - 0 runs, 0 hits, 0 errors, 0 left on base; Baltimore 0 - New York 0 |
| BOTTOM OF THE 1ST |
|
New York Mets batting - Pitching for Baltimore Orioles : RHP Norbert Padgett
|
|
Pitching: RHP Norbert Padgett
|
|
|
Batting: RHB Mike Wilson
|
0-0: Ball 1-0: Called Strike 1-1: Ball 2-1: Foul Ball, location: 9LMF 2-2: Ball 3-2: Foul Ball, location: 3DF 3-2: SINGLE (Line Drive, 9, EV 88 MPH)
|
|
Batting: LHB Jim Hayes
|
0-0: Ball 1-0: Ball 2-0: Sac Bunt to P - play at first, batter OUT! 1-3 Mike Wilson to second
|
|
Batting: LHB Héctor Cabrera
|
0-0: Called Strike 0-1: Ball Wild Pitch! Mike Wilson to third 1-1: Swinging Strike 1-2: Fly out, F7 (Flyball, 7, EV 84 MPH) Runner from 3rd tags up, SCORES, no throw by LF
|
|
Batting: LHB Deron Fernández
|
0-0: Ball 1-0: SINGLE (Line Drive, 89M, EV 104 MPH)
|
|
Batting: RHB Lou Graham
|
0-0: SINGLE (Line Drive, 8LM, EV 105 MPH) Deron Fernández to second
|
|
Batting: RHB Sam Robbins
|
0-0: Called Strike 0-1: Ball 1-1: Called Strike 1-2: 3-RUN HOME RUN (Flyball, 78XD, EV 106 MPH), Distance : 388 ft
|
|
Batting: LHB Drew Dosch
|
0-0: Called Strike 0-1: Ball 1-1: Foul Ball, location: 2F 1-2: Foul Ball, location: 2F 1-2: Ground out 4-3 (Groundball, 4M, EV 85 MPH)
|
| Bottom of the 1st over - 4 runs, 4 hits, 0 errors, 0 left on base; Baltimore 0 - New York 4 |
| TOP OF THE 2ND |
|
Baltimore Orioles batting - Pitching for New York Mets : RHP José Agodo
|
|
Batting: RHB Robinson Pérez
|
0-0: Ground out 4-3 (Groundball, 4MS, EV 58 MPH)
|
|
Batting: LHB Wilbert Austin
|
0-0: Foul Ball, location: 2RF 0-1: Ball 1-1: Ball 2-1: Ground out 4-3 (Groundball, 4, EV 107 MPH)
|
|
Batting: LHB Lonnie Tyler
|
0-0: Called Strike 0-1: Ball 1-1: Foul Ball, location: 7LSF 1-2: Foul Ball, location: 5F 1-2: Fly out, F9 (Flyball, S8, EV 111 MPH)
|
| Top of the 2nd over - 0 runs, 0 hits, 0 errors, 0 left on base; Baltimore 0 - New York 4 |
| BOTTOM OF THE 2ND |
|
New York Mets batting - Pitching for Baltimore Orioles : RHP Norbert Padgett
|
|
Batting: LHB José Vázquez
|
0-0: Ball 1-0: Called Strike 1-1: Fly out, F4 (Line Drive, 4, EV 81 MPH)
|
|
Batting: SHB Joe Ellis
|
0-0: TRIPLE (Line Drive, 9LD, EV 95 MPH)
|
|
Batting: RHB Mike Wilson
|
0-0: Called Strike 0-1: Ball 1-1: Ball 2-1: Ball 3-1: Swinging Strike 3-2: Strikes out swinging
|
|
Batting: LHB Jim Hayes
|
0-0: Ball 1-0: Foul Ball, location: 2F 1-1: Swinging Strike 1-2: Foul Ball, location: 25FF 1-2: Ball 2-2: Ball 3-2: Fly out, F7 (Line Drive, 7, EV 89 MPH)
|
| Bottom of the 2nd over - 0 runs, 1 hit, 0 errors, 1 left on base; Baltimore 0 - New York 4 |
| TOP OF THE 3RD |
|
Baltimore Orioles batting - Pitching for New York Mets : RHP José Agodo
|
|
Batting: LHB Joaquín Pérez
|
0-0: Swinging Strike 0-1: Swinging Strike 0-2: Foul Ball, location: 3SF 0-2: Ball 1-2: Foul Ball, location: 2F 1-2: Ball 2-2: Ball 3-2: SINGLE (Groundball, 56D, EV 112 MPH)
|
|
Batting: LHB Alfredo Ramos
|
0-0: Ground out 6-3 (Groundball, 6MS, EV 57 MPH) Joaquín Pérez to second
|
|
Batting: SHB Ron Lilly
|
0-0: Ball 1-0: Called Strike 1-1: Fly out, F7 (Flyball, 7, EV 90 MPH)
|
|
Batting: RHB Carlos Correa
|
0-0: Called Strike 0-1: Called Strike 0-2: Fly out, F8 (Flyball, 8LM, EV 80 MPH)
|
| Top of the 3rd over - 0 runs, 1 hit, 0 errors, 1 left on base; Baltimore 0 - New York 4 |
| BOTTOM OF THE 3RD |
|
New York Mets batting - Pitching for Baltimore Orioles : RHP Norbert Padgett
|
|
Batting: LHB Héctor Cabrera
|
0-0: Ball 1-0: DOUBLE (Groundball, 3L, EV 100 MPH)
|
|
Batting: LHB Deron Fernández
|
0-0: Called Strike 0-1: Fly out, F8 (Flyball, 8LD, EV 101 MPH) Runner from 2nd tags up, OUT at 3rd! 8-5
|
|
Batting: RHB Lou Graham
|
0-0: Called Strike 0-1: Ball 1-1: Ball 2-1: Swinging Strike 2-2: Strikes out looking
|
| Bottom of the 3rd over - 0 runs, 1 hit, 0 errors, 0 left on base; Baltimore 0 - New York 4 |
| TOP OF THE 4TH |
|
Baltimore Orioles batting - Pitching for New York Mets : RHP José Agodo
|
|
Batting: SHB Greg Henderson
|
0-0: Called Strike 0-1: Swinging Strike 0-2: Ball 1-2: SINGLE (Groundball, 6M, EV 94 MPH) (infield hit)
|
|
Batting: LHB Jon Wilson
|
0-0: Called Strike 0-1: Ball 1-1: Foul Ball, location: 25F 1-2: Strikes out swinging
|
|
Batting: RHB Robinson Pérez
|
0-0: Foul Ball, location: 2F 0-1: Fly out, F4 (Popup, 4M, EV 56 MPH)
|
|
Batting: LHB Wilbert Austin
|
0-0: SINGLE (Line Drive, 7, EV 98 MPH) Greg Henderson to second
|
|
Batting: LHB Lonnie Tyler
|
0-0: Foul Ball, location: 3DF 0-1: Ball 1-1: Ball 2-1: SINGLE (Groundball, 34S, EV 67 MPH) (infield hit) Greg Henderson to third Wilbert Austin to second
|
|
Batting: LHB Joaquín Pérez
|
0-0: Ground out 4-3 (Groundball, 4, EV 63 MPH)
|
| Top of the 4th over - 0 runs, 3 hits, 0 errors, 3 left on base; Baltimore 0 - New York 4 |
| BOTTOM OF THE 4TH |
|
New York Mets batting - Pitching for Baltimore Orioles : RHP Norbert Padgett
|
|
Batting: RHB Sam Robbins
|
0-0: Ball 1-0: Swinging Strike 1-1: Foul Ball, location: 2LF 1-2: Fly out, F4 (Popup, 23, EV 80 MPH)
|
|
Batting: LHB Drew Dosch
|
0-0: Called Strike 0-1: Ball 1-1: Called Strike 1-2: Foul Ball, location: 2F 1-2: Fly out, F7 (Flyball, 7, EV 79 MPH)
|
|
Batting: LHB José Vázquez
|
0-0: Ball 1-0: Called Strike 1-1: Foul Ball, location: 3F 1-2: Ground out U3 (Groundball, 34S, EV 54 MPH)
|
| Bottom of the 4th over - 0 runs, 0 hits, 0 errors, 0 left on base; Baltimore 0 - New York 4 |
| TOP OF THE 5TH |
|
Baltimore Orioles batting - Pitching for New York Mets : RHP José Agodo
|
|
Batting: LHB Alfredo Ramos
|
0-0: Ball 1-0: Called Strike 1-1: Called Strike 1-2: Foul Ball, location: 23F 1-2: Fly out, F8 (Line Drive, 8LD, EV 95 MPH)
|
|
Batting: SHB Ron Lilly
|
0-0: Called Strike 0-1: Ball 1-1: Called Strike 1-2: Ball 2-2: Ball 3-2: Base on Balls
|
|
Batting: RHB Carlos Correa
|
0-0: Called Strike 0-1: Ball 1-1: Ball 2-1: Ground out 4-3 (Groundball, 4S, EV 59 MPH) Ron Lilly to second
|
|
Batting: SHB Greg Henderson
|
0-0: Ball 1-0: Ball 2-0: Called Strike 2-1: Foul Ball, location: 2F 2-2: Strikes out swinging
|
| Top of the 5th over - 0 runs, 0 hits, 0 errors, 1 left on base; Baltimore 0 - New York 4 |
| BOTTOM OF THE 5TH |
|
New York Mets batting - Pitching for Baltimore Orioles : RHP Norbert Padgett
|
|
Batting: SHB Joe Ellis
|
0-0: Called Strike 0-1: Ball 1-1: Swinging Strike 1-2: Ball 2-2: Foul Ball, location: 2F 2-2: Ball 3-2: Foul Ball, location: 2F 3-2: DOUBLE (Groundball, 3L, EV 96 MPH)
|
|
Batting: RHB Mike Wilson
|
0-0: Called Strike 0-1: SINGLE (Groundball, 34D, EV 93 MPH) Joe Ellis to third
|
|
Batting: LHB Jim Hayes
|
0-0: Called Strike 0-1: Ball 1-1: Foul Ball, location: 9LSFF 1-2: Ball 2-2: Ball 3-2: Strikes out looking
|
|
Batting: LHB Héctor Cabrera
|
0-0: Called Strike 0-1: Ball 1-1: Called Strike 1-2: Strikes out swinging
|
|
Batting: LHB Deron Fernández
|
0-0: Called Strike 0-1: Ball 1-1: Swinging Strike 1-2: Strikes out swinging
|
| Bottom of the 5th over - 0 runs, 2 hits, 0 errors, 2 left on base; Baltimore 0 - New York 4 |
| TOP OF THE 6TH |
|
Baltimore Orioles batting - Pitching for New York Mets : RHP José Agodo
|
|
Batting: LHB Jon Wilson
|
0-0: Called Strike 0-1: Ball 1-1: Swinging Strike 1-2: Foul Ball, location: 9LDF 1-2: Strikes out swinging
|
|
Batting: RHB Robinson Pérez
|
0-0: Ball 1-0: Foul Ball, location: 7LDF 1-1: Ball 2-1: SINGLE (Line Drive, 78S, EV 90 MPH)
|
|
Batting: LHB Wilbert Austin
|
0-0: Called Strike 0-1: Ball 1-1: Called Strike 1-2: Ball 2-2: Foul Ball, location: 5F 2-2: 2-RUN HOME RUN (Flyball, 9LD, EV 99 MPH), Distance : 346 ft
|
|
Batting: LHB Lonnie Tyler
|
0-0: Ground out 4-3 (Groundball, 4, EV 111 MPH)
|
|
Batting: LHB Joaquín Pérez
|
0-0: Ball 1-0: Ball 2-0: Foul Ball, location: 23F 2-1: SINGLE (Groundball, 4S, EV 106 MPH) (infield hit)
|
|
Pitching: RHP Jim Allen
|
|
|
Batting: LHB Alfredo Ramos
|
0-0: Single, Error in OF, E9, batter to second base (Line Drive, 89M, EV 95 MPH) Joaquín Pérez to third
|
|
Batting: SHB Ron Lilly
|
0-0: Called Strike 0-1: Ball 1-1: Foul Ball, location: 3FF 1-2: DOUBLE (Line Drive, 7LD, EV 89 MPH) Joaquín Pérez scores Alfredo Ramos scores
|
|
Batting: RHB Carlos Correa
|
0-0: Ball 1-0: Ball 2-0: Fly out, F9 (Line Drive, 9D, EV 93 MPH)
|
| Top of the 6th over - 4 runs, 5 hits, 1 error, 1 left on base; Baltimore 4 - New York 4 |
| BOTTOM OF THE 6TH |
|
New York Mets batting - Pitching for Baltimore Orioles : RHP Norbert Padgett
|
|
Batting: RHB Lou Graham
|
0-0: Ball 1-0: Ball 2-0: Foul Ball, location: 3SF 2-1: Ball 3-1: Called Strike 3-2: Base on Balls
|
|
Pitching: RHP Emmanuel Clase
|
|
|
Batting: RHB Sam Robbins
|
0-0: Ball 1-0: Ball 2-0: Ball 3-0: Called Strike 3-1: Fly out, F6 (Line Drive, 6D, EV 76 MPH)
|
|
Batting: LHB Drew Dosch
|
0-0: Ball 1-0: Swinging Strike 1-1: Ball 2-1: Ball 3-1: Called Strike 3-2: Strikes out swinging
|
|
Batting: LHB José Vázquez
|
0-0: Called Strike 0-1: Ball 1-1: Swinging Strike 1-2: Ball Lou Graham is caught stealing 2nd base 2-6
|
| Bottom of the 6th over - 0 runs, 0 hits, 0 errors, 0 left on base; Baltimore 4 - New York 4 |
| TOP OF THE 7TH |
|
Baltimore Orioles batting - Pitching for New York Mets : RHP Jim Allen
|
|
Batting: SHB Greg Henderson
|
0-0: Called Strike 0-1: Hit by Pitch
|
|
Batting: LHB Jon Wilson
|
0-0: SINGLE (Line Drive, 7S, EV 90 MPH) Greg Henderson to second
|
|
Batting: RHB Robinson Pérez
|
0-0: Ball 1-0: Ball 2-0: Called Strike 2-1: Foul Ball, location: 9LDF 2-2: Ball 3-2: Ground out 6-3 (Groundball, 6S, EV 55 MPH) Greg Henderson to third Jon Wilson to second
|
|
Batting: LHB Wilbert Austin
|
0-0: Ball 1-0: Ball 2-0: Swinging Strike 2-1: SINGLE (Line Drive, 8RM, EV 91 MPH) Greg Henderson scores Jon Wilson to third
|
|
Batting: LHB Lonnie Tyler
|
0-0: Ball 1-0: Swinging Strike 1-1: Swinging Strike 1-2: Ball 2-2: Fly out, F5 (Popup, 5SF, EV 60 MPH)
|
|
Batting: LHB Joaquín Pérez
|
0-0: Ball 1-0: Ball 2-0: Ball 3-0: Called Strike 3-1: Called Strike 3-2: Foul Ball, location: 2F 3-2: Strikes out swinging
|
| Top of the 7th over - 1 run, 2 hits, 0 errors, 2 left on base; Baltimore 5 - New York 4 |
| BOTTOM OF THE 7TH |
|
New York Mets batting - Pitching for Baltimore Orioles : RHP Emmanuel Clase
|
|
Batting: LHB José Vázquez
|
0-0: Ball 1-0: Ball 2-0: Swinging Strike 2-1: Ball 3-1: Swinging Strike 3-2: Strikes out swinging
|
|
Batting: SHB Joe Ellis
|
0-0: Ball 1-0: Ball 2-0: Ball 3-0: Called Strike 3-1: Called Strike 3-2: Foul Ball, location: 5SF 3-2: Fly out, F3 (Line Drive, 3, EV 86 MPH)
|
|
Batting: RHB Mike Wilson
|
0-0: Called Strike 0-1: Ball 1-1: Foul Ball, location: 3SF 1-2: Ball 2-2: Ground out 6-3 (Groundball, 6S, EV 55 MPH)
|
| Bottom of the 7th over - 0 runs, 0 hits, 0 errors, 0 left on base; Baltimore 5 - New York 4 |
| TOP OF THE 8TH |
|
Baltimore Orioles batting - Pitching for New York Mets : RHP Jim Allen
|
|
Pitching: RHP Edgardo Castillo
|
|
|
Batting: LHB Alfredo Ramos
|
0-0: Ball 1-0: Foul Ball, location: 2F 1-1: Foul Ball, location: 2F 1-2: Ball 2-2: Hit by Pitch
|
|
Batting: SHB Ron Lilly
|
0-0: Ball 1-0: Bunted foul 1-1: Ball Alfredo Ramos steals 2nd base 2-1: Swinging Strike 2-2: Foul Ball, location: 7LMF 2-2: Ball 3-2: Strikes out swinging
|
|
Batting: RHB Carlos Correa
|
0-0: Ball 1-0: Foul Ball, location: 2F 1-1: Ball 2-1: Ball 3-1: Called Strike 3-2: Foul Ball, location: 9LSFF 3-2: Strikes out swinging
|
|
Batting: SHB Greg Henderson
|
0-0: Ball 1-0: Foul Ball, location: 3FF 1-1: Ground out 6-3 (Groundball, 6, EV 88 MPH)
|
| Top of the 8th over - 0 runs, 0 hits, 0 errors, 1 left on base; Baltimore 5 - New York 4 |
| BOTTOM OF THE 8TH |
|
New York Mets batting - Pitching for Baltimore Orioles : RHP Emmanuel Clase
|
|
Pitching: RHP Alfredo Flores
|
|
|
Now in LF: Joaquín Pérez
|
|
|
Now in RF: Nomar Mazara
|
|
|
Batting: LHB Jim Hayes
|
0-0: Foul Ball, location: 7LSF 0-1: Ball 1-1: Ground out 1-3 (Groundball, 13S, EV 76 MPH)
|
|
Batting: LHB Héctor Cabrera
|
0-0: Fly out, F7 (Flyball, 7, EV 92 MPH)
|
|
Batting: LHB Deron Fernández
|
0-0: Ball 1-0: Called Strike 1-1: Swinging Strike 1-2: Ball 2-2: Foul Ball, location: 3F 2-2: Foul Ball, location: 2F 2-2: Ball 3-2: SINGLE (Groundball, 6MD, EV 111 MPH)
|
|
Pinch Hitting: LHB Al Hall
|
0-0: Called Strike 0-1: Called Strike 0-2: Strikes out swinging
|
| Bottom of the 8th over - 0 runs, 1 hit, 0 errors, 1 left on base; Baltimore 5 - New York 4 |
| TOP OF THE 9TH |
|
Baltimore Orioles batting - Pitching for New York Mets : RHP Edgardo Castillo
|
|
Pitching: RHP Pat Gross
|
|
|
Now in CF: Juan Rodríguez
|
|
|
Batting: LHB Nomar Mazara
|
0-0: Ball 1-0: Ball 2-0: Foul Ball, location: 2F 2-1: Ball 3-1: Ground out U3 (Groundball, 3S, EV 99 MPH)
|
|
Batting: RHB Robinson Pérez
|
0-0: Ball 1-0: Called Strike 1-1: Called Strike 1-2: Ball 2-2: Ball 3-2: Base on Balls
|
|
Batting: LHB Wilbert Austin
|
0-0: Swinging Strike 0-1: Ball 1-1: Foul Ball, location: 5F 1-2: Ball 2-2: Fly out, F1 (Popup, 15, EV 56 MPH)
|
|
Pitching: RHP Mitch Smith
|
|
|
Batting: LHB Lonnie Tyler
|
0-0: Ball 1-0: Called Strike 1-1: Ball 2-1: Ball 3-1: Swinging Strike 3-2: 2-RUN HOME RUN (Flyball, 9D, EV 116 MPH), Distance : 391 ft
|
|
Batting: LHB Joaquín Pérez
|
0-0: Foul Ball, location: 25F 0-1: Foul Ball, location: 2F 0-2: Foul Ball, location: 5FF 0-2: Foul Ball, location: 2F 0-2: Fly out, F8 (Line Drive, 8LM, EV 94 MPH)
|
| Top of the 9th over - 2 runs, 1 hit, 0 errors, 0 left on base; Baltimore 7 - New York 4 |
| BOTTOM OF THE 9TH |
|
New York Mets batting - Pitching for Baltimore Orioles : RHP Alfredo Flores
|
|
Pitching: RHP Jung-ho Chang
|
|
|
Batting: RHB Sam Robbins
|
0-0: Called Strike 0-1: Fly out, F7 (Line Drive, 7, EV 93 MPH)
|
|
Batting: LHB Drew Dosch
|
0-0: Ball 1-0: Ball 2-0: Fly out, F5 (Popup, 56, EV 59 MPH)
|
|
Batting: LHB José Vázquez
|
0-0: Foul Ball, location: 3F 0-1: Foul Ball, location: 9LSF 0-2: Strikes out looking
|
| Bottom of the 9th over - 0 runs, 0 hits, 0 errors, 0 left on base; Baltimore 7 - New York 4 |
|